 Dungeon Crawl Stone Soup version 0.17.1-3-g152610e (webtiles) character file.

241 warlockg3 the Skirmisher (level 5, -1/42 HPs)
             Began as a Demonspawn Abyssal Knight on Mar 31, 2016.
             Was a Believer of Lugonu.
             Slain by an iguana (10 damage)
             ... on level 4 of the Dungeon.
             The game lasted 00:17:33 (5044 turns).

warlockg3 the Skirmisher (DsAK)                     Turns: 5044, Time: 00:17:33

Health: -1/42      AC:  6    Str: 12    XL:     5   Next: 80%
Magic:  7/7        EV: 13    Int: 13    God:    Lugonu [**....]
Gold:   123        SH:  0    Dex: 14    Spells: 0 memorised, 4 levels left

rFire  . . .     SeeInvis .     p - +0 short sword (venom)
rCold  . . .     Clarity  .     b - +1 leather armour
rNeg   . . .     SustAt   .     (no shield)
rPois  .         Gourm    .     (no helmet)
rElec  .         Spirit   .     (no cloak)
rCorr  .         Warding  .     t - +0 pair of gloves
rMut   .         Stasis   .     c - +0 pair of boots
MR     .....                    k - amulet of inaccuracy (curse)
Stlth  ++........               n - ring of stealth
                                q - ring of wizardry

@: not resistant to hostile enchantments, unstealthy
A: powered by pain 2
a: Depart the Abyss, Bend Space, Renounce Religion


You were on level 4 of the Dungeon.
You worshipped Lugonu.
Lugonu was pleased with you.
You were not hungry.

You visited 1 branch of the dungeon, and saw 4 of its levels.
You visited the Abyss 1 time.

You collected 123 gold pieces.

Inventory:

Hand Weapons
 a - a +1 falchion
 p - a +0 short sword of venom (weapon)
Armour
 b - a +1 leather armour (worn)
 c - a +0 pair of boots (worn)
 t - a +0 pair of gloves (worn)
Jewellery
 g - an uncursed amulet of clarity {unknown}
 k - a cursed amulet of inaccuracy (around neck)
 n - a ring of stealth (right hand)
 q - a ring of wizardry (left hand)
Scrolls
 d - a scroll of teleportation
 e - 5 scrolls of identify
 j - a scroll of immolation
 m - 2 scrolls of magic mapping
 r - a scroll of amnesia
 u - a scroll of blinking
Potions
 f - a potion of brilliance
 o - a potion of degeneration {unknown}
Comestibles
 h - a meat ration
 i - 4 bread rations
 l - a beef jerky
 s - a slice of pizza
 v - a royal jelly


   Skills:
 + Level 4.1 Fighting
 + Level 1.0(1.7) Short Blades
 + Level 2.1(2.2) Long Blades
 + Level 2.8 Armour
 + Level 3.1 Dodging
 + Level 1.0 Stealth
 + Level 3.0 Invocations


You had 4 spell levels left.
You didn't know any spells.

Dungeon Overview and Level Annotations

Branches:
Dungeon (4/15)
 Temple: D:4-7

Altars:
Qazlal

Annotations:
D:4 kaze's ghost, amateur DsFi


Innate Abilities, Weirdness & Mutations

You sometimes gain power by taking damage.


Message History

The hound barely misses you.
You barely miss the hound. The hound bites you. The hound barely misses you.
The hound bites you. The hound bites you but does no damage.
You barely miss the hound. The hound bites you.
The hound bites you but does no damage.
You hit the hound.
The hound is poisoned.
The hound is moderately wounded.
The hound closely misses you. The hound bites you. The iguana bites you.
* * * LOW HITPOINT WARNING * * *
The hound bites you but does no damage. The hound bites you.
* * * LOW HITPOINT WARNING * * *
You hit the hound.
The hound looks even sicker.
The hound is severely wounded.
You kill the hound!
Lugonu accepts your kill.
Your Short Blades skill increases to level 1!
Your Dodging skill increases to level 3!
The iguana hisses menacingly.
The iguana bites you!
You die...

#§§§§§§§§§§§#.....>...#
#§§§§§§§§§§§####.####.#
#§§§§§8§§§§§# #.# ##.#
#§§§§###§§§§# #.###...
#§§§§#_#§§§§# #.##.#.#
#§§§§#.#§§§§# #.......
#§§§§#.#§§§§# ####.#.#
#§§§§#.#§§§§# ##...
######@###### ##.#
#.#l.h#.## ###)#
#........# #...#
#.####...#### ##.#.#
#.####......## #.....
##............###.....
....................##
##....................
#.####......#####..##


You could see an iguana and a hound.

Vanquished Creatures
  A hound (D:4)
  An orc priest (D:4)
  An orc wizard (D:3)
  10 adders
  A worm (D:2)
  5 giant geckos
  6 orcs
  A bat (D:2)
  5 giant cockroaches
  3 goblins
  7 hobgoblins
  6 kobolds
  6 giant newts
  4 jackals (D:4)
  A jackal skeleton (D:4)
  4 quokkas
  5 rats
67 creatures vanquished.

Notes
Turn   | Place    | Note
--------------------------------------------------------------
     0 | Abyss:1  | warlockg3 the Demonspawn Abyssal Knight began the quest for the Orb.
     0 | Abyss:1  | Reached XP level 1. HP: 18/18 MP: 2/2
    37 | D:1      | Escaped the Abyss
   477 | D:1      | Gained mutation: You sometimes gain a little power by taking damage. [demonic ancestry]
   477 | D:1      | Reached XP level 2. HP: 9/24 MP: 3/3
   768 | D:1      | Reached * piety under Lugonu
  1946 | D:2      | Reached skill level 1 in Dodging
  1956 | D:2      | Reached XP level 3. HP: 18/29 MP: 5/5
  2634 | D:2      | Gained mutation: You sometimes gain power by taking damage. [demonic ancestry]
  2634 | D:2      | Reached XP level 4. HP: 32/37 MP: 6/6
  2916 | D:2      | Reached skill level 4 in Fighting
  3836 | D:3      | Reached XP level 5. HP: 35/42 MP: 7/7
  4150 | D:3      | Noticed an ogre
  4661 | D:4      | Reached ** piety under Lugonu
  4804 | D:4      | Noticed kaze's ghost (amateur DsFi)
  4952 | D:4      | Reached skill level 1 in Stealth
  4984 | D:4      | Found a stormy altar of Qazlal.
  5044 | D:4      | Reached skill level 1 in Short Blades
  5044 | D:4      | Slain by an iguana

Action                   |  1- 3 |  4- 6 || total
-------------------------+-------+-------++-------
Melee: Falchion          |   112 |       ||   112
       Short sword       |    48 |   172 ||   220
Invok: Depart the Abyss  |     1 |       ||     1
       Bend Space        |       |     1 ||     1
  Use: Scroll            |     6 |     3 ||     9
       Potion            |     2 |     5 ||     7
 Stab: Sleeping          |       |     1 ||     1
  Eat: Chunk             |     1 |     2 ||     3
       Bread ration      |     1 |     2 ||     3
